 Seeded DCSS version 0.30.1-9-gdf580d7c3d (webtiles) character file.

Game seed: 7547814903460644772 (custom seed)

14 Psyclone the Stinger (level 2, -2/17 HPs)
             Began as an Octopode Venom Mage on Sept 27, 2023.
             Slain by an adder (4 damage)
             ... on level 4 of the Dungeon.
             The game lasted 00:04:43 (690 turns).

Psyclone the Stinger (Octopode Venom Mage)           Turns: 690, Time: 00:04:44

Health: -2/17      AC:  1    Str:  7    XL:     2   Next: 45%
Magic:  1/5        EV: 13    Int: 17    God:
Gold:   175        SH:  0    Dex: 12    Spells: 2/5 levels left

rFire   . . .        d - +4 dagger
rCold   . . .        (no shield)
rNeg    . . .        (helmet restricted)
rPois   .            (no amulet)
rElec   .            (no ring)
rCorr   .            (no ring)
SInv    .            (no ring)
Will    .....        (no ring)
Stlth   +++          (no ring)
HPRegen 0.22/turn    (no ring)
MPRegen 0.09/turn    (no ring)
                     (no ring)

%: no passive effects
@: lethally poisoned (-2 -> -7), very slightly contaminated
A: almost no armour, amphibious, 8 rings, camouflage 1, gelatinous body 1,
(nimble swimmer 1), tentacles
a: no special abilities


You were on level 4 of the Dungeon.
You visited 1 branch of the dungeon, and saw 4 of its levels.

You collected 175 gold pieces.

Inventory:

Hand Weapons
 d - a +4 dagger (weapon)
Scrolls
 b - a scroll of identify {unknown}
 e - a scroll of vulnerability {unknown}
 g - a scroll of enchant armour {unknown}
Potions
 a - a potion of magic
 c - 2 potions of experience {unknown}
 f - 2 potions of attraction {unknown}


   Skills:
 - Level 2.0 Dodging
 - Level 2.7 Stealth
 - Level 2.0 Spellcasting
 - Level 1.0 Transmutations
 + Level 4.5 Poison Magic


You had 2 spell levels left.
You knew the following spells:

 Your Spells              Type           Power      Damage    Failure   Level
a - Poisonous Vapours     Pois/Air       18%        N/A       12%         2
v - Sting                 Tmut/Pois      44%        1d5       6%          1

Your spell library contained the following spells:

 Spells                   Type           Power      Damage    Failure   Level
 Lesser Beckoning         Tloc           2%         N/A       28%         2
 Mephitic Cloud           Conj/Pois/Air  6%         N/A       30%         3
 Olgreb's Toxic Radiance  Pois           17%        N/A       30%         4
 Gell's Gravitas          Tloc           1%         N/A       50%         3
 Teleport Other           Tloc           1%         N/A       50%         3


Dungeon Overview and Level Annotations

Branches:
Dungeon (4/15) Zot: 23310
 Temple: D:4-7

Altars:
Yredelemnul


Innate Abilities, Weirdness & Mutations

You cannot wear most types of armour.
You are amphibious.
You can wear up to eight rings at the same time.
Your skin changes colour to match your surroundings (Stealth+).
Your rubbery body absorbs attacks. (AC +1, EV +1)
((You are camouflaged when in or above water. (Stealth+)))
You have tentacles for arms and can constrict up to eight enemies at once.


Message History

MP restored: 5
Found a scroll labelled ILLAAM GOIBLO.
Found a basalt altar of Yredelemnul.
g - a scroll labelled ILLAAM GOIBLO You hear the slow rusting of a very distant drain.
Found a silvery potion.
An adder comes into view.
The adder hisses angrily.
The adder bites you.
You take 2 damage, and have 15/17 hp.
Casting: Poisonous Vapours (safe; 12% risk of failure)
Confirm with . or Enter, or press ? or * to list all spells.
Aiming: Poisonous Vapours (safe; 12% risk of failure)
Press: ? - help, Dir - move target, f - adder
Aim: an adder Poisonous vapours surround the adder!
The adder is poisoned.
The adder bites you.
You are poisoned.
The adder poisons you!
You take 3 damage, and have 12/17 hp.
You now have 3/5 mp.
Casting: Poisonous Vapours (safe; 12% risk of failure)
Confirm with . or Enter, or press ? or * to list all spells.
Aiming: Poisonous Vapours (safe; 12% risk of failure)
Press: ? - help, Dir - move target, f/p - adder
Aim: an adder (lightly wounded, poisoned)
You miscast Poisonous Vapours.
You are very lightly contaminated with residual magic.
Nothing appears to happen.
You feel sick. The adder bites you. x2
You are lethally poisoned!
The adder poisons you!
You take 6 damage, and have 6/17 hp.
MASSIVE DAMAGE!!
You now have 1/5 mp.
You closely miss the adder. Your grab misses the adder.
* * * LOW HITPOINT WARNING * * *
You feel sick. The adder closely misses you.
You take 2 damage, and have 4/17 hp.
You miss the adder. Your grab misses the adder. You squeeze the adder!
The adder is almost dead.
* * * LOW HITPOINT WARNING * * *
You feel sick. The adder bites you.
You die...

#....# ##......#
.. #.##.#
#...####.# ... #.
#.###.#.## #.#
....#. #........#
...
....#.####..###..
.#.# .....###.##
# .# .# #..#...#
. .# #.##....###
## .# #.....@##
....!..S#
#######.# #.. #..
#.## #.. #.#


You could see an adder (poisoned).

Vanquished Creatures
  A worm (D:3)
  A bat (D:1)
  An endoplasm (D:1)
  3 hobgoblins
  3 frilled lizards
  2 kobolds (D:1)
  A rat (D:1)
12 creatures vanquished.

Notes
Turn   | Place    | Note
-------+----------+-------------------------------------------
     0 | D:1      | Psyclone the Octopode Venom Mage began the quest for the
                  | Orb.
     0 | D:1      | Reached XP level 1. HP: 11/11 MP: 3/3
   177 | D:1      | Reached skill level 4 in Poison Magic
   193 | D:1      | Reached XP level 2. HP: 14/17 MP: 0/5
   321 | D:2      | Learned a level 2 spell: Poisonous Vapours
   596 | D:4      | Noticed an ogre
   648 | D:4      | Found a basalt altar of Yredelemnul.
   690 | D:4      | Slain by an adder

Illustrated notes

Levels and vault maps discovered:
D:1:      lordsloth_arrival_two_stooges, layout_basic,
          chequers_ecumenical_altar_simple
D:2:      layout_loops_ring, uniq_jessica
D:3:      layout_loops_cross, ashenzari_conservatory_becter,
          nzn_wu_jian_council_hall, chequers_serial_rivers_room_a,
          grunt_decor_cap, hangedman_abyss_or_decor_lesser_grid,
          hangedman_decor_peaks_small, minmay_gold_behind_fungi, uniq_natasha,
          uniq_crazy_yiuf_cottage
D:4:      layout_loops_ring, grunt_temple_overflow_order_and_chaos_2,
          yredelemnul_altar_generic, nemelex_dance_club_becter,
          gup_sewer_entry_bubbles

Skill      XL: |  1 |
---------------+----+-----
Poison Magic   | 4 |  4.5
Dodging        | |  2.0
Stealth        | |  2.7
Spellcasting   | |  2.0
Transmutations | |  1.0

Action                     || total
---------------------------++-------
  Melee: Unarmed           ||     7
         Dagger            ||    16
         Constrict         ||     6
         Tentacles         ||     4
   Cast: Sting             ||    17
         Poisonous Vapours ||     2
 Armour: Skin              ||     3
  Dodge: Dodged            ||    13
